 Dungeon Crawl Stone Soup version 0.26-a0-950-g52035dc9a5 (webtiles) character file.

Game seed: 6180144570777918885

69 Alado the Skirmisher (level 4, -1/40 HPs)
             Began as a Demonspawn Abyssal Knight on Nov 29, 2020.
             Was a Follower of Lugonu.
             Killed from afar by Sigmund (4 damage)
             ... with a puff of flame
             ... on level 3 of the Dungeon.
             The game lasted 00:12:11 (1667 turns).

Alado the Skirmisher (Demonspawn Abyssal Knight)    Turns: 1667, Time: 00:12:11

Health: -1/40      AC: 12    Str: 13    XL:     4   Next: 2%
Magic:  0/6        EV: 18    Int: 11    God:    Lugonu [*.....]
Gold:   187        SH:  0    Dex: 13    Spells: 3/3 levels left

rFire    . . .     SeeInvis .   (weapon currently unavailable)
rCold    . . .     Faith    .   (shield currently unavailable)
rNeg     + + +     Spirit   +   (armour currently unavailable)
rPois    +         Reflect  .   (helmet currently unavailable)
rElec    .         Harm     .   (cloak currently unavailable)
rCorr    .         Rampage  .   (gloves currently unavailable)
MR       .....                  (boots currently unavailable)
Stlth    +.........             (no amulet)
HPRegen  0.13/turn              h - ring of poison resistance
MPRegen  0.10/turn              (no ring)

@: confused, fungus-form
A: tiny, dopey 1, robust 1, magic shield
a: Depart the Abyss, Renounce Religion


You were on level 3 of the Dungeon.
You worshipped Lugonu.
Lugonu was aware of your devotion.
You were a sentient fungus.
You visited 1 branch of the dungeon, and saw 3 of its levels.
You visited the Abyss 1 time.

You collected 187 gold pieces.

Inventory:

Hand Weapons
 a - a +2 spear (melded)
 f - a cursed -2 whip
Missiles
 g - 13 bolts
Armour
 e - a +1 ring mail (melded)
Jewellery
 h - a ring of poison resistance (left hypha)


   Skills:
 + Level 3.9 Fighting
 + Level 2.4 Polearms
 + Level 2.2 Armour
 + Level 1.1 Dodging
 + Level 2.8 Invocations


You had 3 spell levels left.
You didn't know any spells.
Your spell library was empty.

Dungeon Overview and Level Annotations

Branches:
Dungeon (3/15)

Altars:
Elyvilon
Gozag
Sif Muna
Vehumet

Annotations:
D:3 Sigmund


Innate Abilities, Weirdness & Mutations

When hurt, damage is shared between your health and your magic reserves.
((When seriously injured, your bleeding wounds create thick armour. (AC +0)))
((You have sharp toenails.))
You are dopey. (Int -2)
You are robust. (+10% HP)


Message History

You barely miss something. Your kick misses something.
You barely miss something.
You hear some strange, mumbled words.
Something tries to affect you, but you resist.
You barely miss something. Your kick misses something.
You hear a zap.
You turn into a sentient fungus.
Your +2 spear melds into your body.
Your +1 ring mail melds into your body.
You release spores at something but do no damage.
Your blood armour dries and flakes away.
You hear some strange, mumbled words.
You are confused.
You miss something.
You hear a zap.
Something tries to affect you, but you resist.
You closely miss something.
You hear some strange, mumbled words.
A puff of flame appears from out of thin air!
The puff of flame hits you.
You die...

*,,****,,,****,,** ***,***,
*.#*,,,,,,,,,*#.,****,,,* *,
**#.,****,,,####.,,,,**,*** **
*..,,,*,**,*#.#..,**,,,,******
####.#**,,,,*,+....*,*****,,,,,,,
.....# **,,**,##..#*,,,,,,,**,,*,
#..#.####..,*##...#**********,,*,
..........#.,#..{.#*,,,,,,,,,,,**
...##......,,,,#f#**,*******,,,**
.).##....#*#####.##*,,,,,,,,,,,**
.........# #......#*******,,,,,**
##)#...#####.#....# **,*,,,**
##..#..# #...#....# *,,,,,,,*
.......###.###....# *,*,***,*
...#.#.#....##....# *,,,,,,,,
...#<#.#.#).......# *,,,,,,,*
...###...##.#.##### *,**,*,**


There were no monsters in sight!

Vanquished Creatures
  A centaur skeleton (D:3)
  An adder (D:2)
  2 worms (D:3)
  A leopard gecko (D:3)
  An orc (D:3)
  4 giant cockroaches
  2 goblins
  A hobgoblin (D:1)
  4 kobolds
  5 bats
  A frilled lizard (D:1)
  3 rats
26 creatures vanquished.

Notes
Turn   | Place    | Note
-------+----------+-------------------------------------------
     0 | Abyss:1  | Alado the Demonspawn Abyssal Knight began the quest for the
                  | Orb.
     0 | Abyss:1  | Reached XP level 1. HP: 18/18 MP: 2/2
     0 | D:1      | Escaped the Abyss
    93 | D:1      | Reached * piety under Lugonu
   502 | D:1      | Gained mutation: When seriously injured, your bleeding
                  | wounds create armour. (AC +0) [demonic ancestry]
   502 | D:1      | Reached XP level 2. HP: 24/24 MP: 3/3
   999 | D:2      | Found a white marble altar of Elyvilon.
  1013 | D:2      | Gained mutation: You are robust. (+10% HP) [potion of
                  | mutation]
  1013 | D:2      | Gained mutation: You are dopey. (Int -2) [potion of
                  | mutation]
  1013 | D:2      | Gained mutation: You have sharp toenails. [potion of
                  | mutation]
  1109 | D:2      | Found a radiant altar of Vehumet.
  1109 | D:2      | Found an opulent altar of Gozag.
  1112 | D:2      | Found a shimmering blue altar of Sif Muna.
  1421 | D:3      | Gained mutation: When hurt, damage is shared between your
                  | health and your magic reserves. [demonic ancestry]
  1421 | D:3      | Reached XP level 3. HP: 31/31 MP: 5/5
  1434 | D:3      | Reached skill level 1 in Dodging
  1623 | D:3      | Noticed Sigmund
  1640 | D:3      | Gained mutation: When seriously injured, your bleeding
                  | wounds create thick armour. (AC +0) [demonic ancestry]
  1640 | D:3      | Reached XP level 4. HP: 31/40 MP: 6/6
  1667 | D:3      | Killed from afar by Sigmund

Illustrated notes

Levels and vault maps discovered:
D:1:      heliophobic_arrival_glass_houses, layout_loops_ring, item_on_display_a
D:2:      layout_basic, minitemple, chequers_serial_rivers_small_b,
          minmay_misc_feat_more_columns, minmay_misc_feat_diagonals,
          elyvilon_altar_5
D:3:      layout_basic, gammafunk_temple_overflow_claw,
          hangedman_abyss_or_decor_lesser_grid, minmay_stone_trees_small,
          minmay_fractal_squares_gapless_5, uniq_grinder, uniq_sigmund,
          uniq_natasha

Skill      XL: |  1  2  3 |
---------------+----------+-----
Armour         | 2 |  2.2
Polearms       | 2 |  2.4
Dodging        | 1 |  1.1
Fighting       | |  3.9
Invocations    | |  2.8

Action                   |  1- 3 |  4- 6 || total
-------------------------+-------+-------++-------
Melee: Spear             |   108 |     4 ||   112
       Kick              |    13 |       ||    13
       Unarmed           |       |    21 ||    21
Invok: Depart the Abyss  |     1 |       ||     1
  Use: Scroll            |     8 |       ||     8
       Potion            |     4 |     2 ||     6
Armor: Leather armour    |     3 |       ||     3
       Ring mail         |    24 |       ||    24
       Skin              |       |     3 ||     3
Dodge: Dodged            |    40 |     4 ||    44

Table legend: (Time is in decaauts)
 A = Elapsed time spent in this place.
 B = Non-inter-level travel time spent in this place.
 C = Inter-level travel time spent in this place.
 D = Time resting spent in this place.
 E = Time spent auto-exploring this place.
 F = Levels seen in this place.
 G = Mean time per level.
                   A        B        C        D        E       F      G
               +--------+--------+--------+--------+--------+-----+--------+
         Total |   1648 |   1587 |     61 |      0 |   1305 |   4 |  412.0 |
       Dungeon |   1648 |   1587 |     61 |      0 |   1305 |   3 |  549.3 |
         Abyss |      0 |      0 |      0 |      0 |      0 |   1 |    0.0 |
               +--------+--------+--------+--------+--------+-----+--------+

Top non-repeatable levels by time:
     D:1: 726 daAuts
     D:2: 670 daAuts
     D:3: 252 daAuts
